[ PARTIDA AOE2 · #495304146 ]
UnrankedIndostaníes vs Byzantines
Equipo del jugador · DERR
Equipo rival · VICT
[ ANÁLISIS DE REPETICIÓN · EXTRAÍDO DE LA PARTIDA GRABADA ]
Feudal
8:58
Castillos
24:50
Imperial
—
| APM promedio | 68.7 |
| APM pico | 103 |
| eAPM promedio | 30.0 |
| Aldeanos / militares | 76 / 37 |
Foco
⚔️ 35.2% · 🌾 64.8%
Ghulam ×14 · Skirmisher ×10 · Scout Cavalry ×7 · Spearman ×4 · Archer ×2
Feudal
9:16
Castillos
23:50
Imperial
—
| APM promedio | 62.2 |
| APM pico | 114 |
| eAPM promedio | 23.4 |
| Aldeanos / militares | 64 / 65 |
Foco
⚔️ 32.8% · 🌾 67.2%
Archer ×33 · Spearman ×15 · Militia ×9 · Skirmisher ×4 · Scout Cavalry ×3 · Knight ×1
Mapa de la partida
Recursos iniciales + cada clic de construcción. Líneas = muros · curvas = relieve. ◆ oro · ⬟ piedra · ● bayas · ✦ reliquia · ◌ hueco del cierre
Tu base· Abierta — hueco de 5t
Base de Tiramis31· ✓ Cerrada en 23:50 · 18t muro · 1 puerta(s)
Terreno inicial suavizado · ◌ = hueco del cierre detectado · pasá el cursor para detalles
Inputs por minuto
— juligrancella - - Tiramis31
Build order — juligrancella
Primeras 150 de 196 acciones detectadas
| 0:01 | Crear | Villager (Male) |
| 0:01 | Crear | Villager (Male) |
| 0:01 | Crear | Villager (Male) |
| 0:05 | Construir | House |
| 0:07 | Construir | House |
| 0:14 | Crear | Villager (Male) |
| 0:14 | Crear | Villager (Male) |
| 1:17 | Crear | Villager (Male) |
| 1:17 | Crear | Villager (Male) |
| 1:37 | Crear | Villager (Male) |
| 1:58 | Construir | Lumber Camp |
| 1:59 | Crear | Villager (Male) |
| 2:00 | Crear | Villager (Male) |
| 2:24 | Crear | Villager (Male) |
| 2:38 | Construir | House |
| 2:38 | Construir | House |
| 2:46 | Crear | Villager (Male) |
| 2:47 | Crear | Villager (Male) |
| 2:51 | Construir | House |
| 3:07 | Crear | Villager (Male) |
| 4:16 | Crear | Villager (Male) |
| 4:16 | Crear | Villager (Male) |
| 4:19 | Crear | Villager (Male) |
| 4:19 | Crear | Villager (Male) |
| 4:40 | Crear | Villager (Male) |
| 4:40 | Crear | Villager (Male) |
| 4:54 | Crear | Villager (Male) |
| 4:54 | Crear | Villager (Male) |
| 4:55 | Crear | Villager (Male) |
| 5:14 | Construir | Mill |
| 5:18 | Construir | Mill |
| 5:43 | Crear | Villager (Male) |
| 6:06 | Investigar | Loom |
| 6:48 | Investigar | Feudal Age |
| 6:48 | Investigar | Feudal Age |
| 7:25 | Construir | Barracks |
| 7:29 | Crear | Villager (Male) |
| 7:57 | Crear | Villager (Male) |
| 8:21 | Construir | House |
| 8:31 | Crear | Villager (Male) |
| 8:38 | Construir | House |
| 8:39 | Construir | House |
| 8:58 | Edad | Edad Feudal |
| 9:00 | Construir | Stable |
| 9:04 | Crear | Spearman |
| 9:13 | Construir | Palisade Wall |
| 9:13 | Construir | Palisade Wall |
| 9:18 | Construir | Palisade Wall |
| 9:19 | Construir | Palisade Wall |
| 9:20 | Construir | Palisade Wall |
| 9:21 | Construir | Palisade Wall |
| 9:21 | Construir | Palisade Wall |
| 9:22 | Construir | Palisade Wall |
| 9:31 | Crear | Villager (Male) |
| 9:33 | Investigar | Double-Bit Axe |
| 9:51 | Crear | Scout Cavalry |
| 9:52 | Crear | Scout Cavalry |
| 9:57 | Crear | Villager (Male) |
| 10:15 | Crear | Scout Cavalry |
| 10:30 | Construir | Palisade Wall |
| 10:33 | Construir | House |
| 10:35 | Construir | Palisade Wall |
| 10:44 | Crear | Scout Cavalry |
| 10:57 | Construir | Farm |
| 10:58 | Construir | Farm |
| 10:59 | Construir | Farm |
| 11:07 | Crear | Villager (Male) |
| 11:07 | Crear | Villager (Male) |
| 11:15 | Crear | Scout Cavalry |
| 11:32 | Construir | Farm |
| 11:38 | Crear | Villager (Male) |
| 11:42 | Construir | Farm |
| 11:45 | Construir | Farm |
| 11:55 | Crear | Scout Cavalry |
| 12:05 | Crear | Villager (Male) |
| 12:16 | Construir | Farm |
| 12:19 | Crear | Scout Cavalry |
| 12:30 | Crear | Villager (Male) |
| 12:31 | Crear | Villager (Male) |
| 13:13 | Crear | Villager (Male) |
| 13:13 | Crear | Villager (Male) |
| 13:14 | Crear | Villager (Male) |
| 13:17 | Crear | Villager (Male) |
| 13:20 | Construir | Blacksmith |
| 13:28 | Construir | Archery Range |
| 13:30 | Crear | Villager (Male) |
| 13:33 | Construir | Farm |
| 13:36 | Construir | Farm |
| 13:44 | Crear | Villager (Male) |
| 13:46 | Construir | House |
| 13:47 | Construir | House |
| 13:54 | Crear | Villager (Male) |
| 14:14 | Construir | Mining Camp |
| 14:24 | Crear | Archer |
| 14:24 | Crear | Archer |
| 14:27 | Construir | Farm |
| 14:28 | Construir | Farm |
| 14:30 | Crear | Villager (Male) |
| 14:54 | Crear | Villager (Male) |
| 14:59 | Crear | Skirmisher |
| 14:59 | Crear | Skirmisher |
| 14:59 | Crear | Skirmisher |
| 15:27 | Crear | Villager (Male) |
| 15:28 | Crear | Skirmisher |
| 15:30 | Crear | Villager (Male) |
| 15:53 | Crear | Skirmisher |
| 15:53 | Crear | Skirmisher |
| 16:15 | Crear | Villager (Male) |
| 16:40 | Crear | Villager (Male) |
| 16:43 | Construir | Farm |
| 16:43 | Construir | Farm |
| 16:44 | Construir | Farm |
| 16:50 | Crear | Villager (Male) |
| 17:05 | Construir | Watch Tower |
| 17:16 | Construir | House |
| 17:17 | Construir | House |
| 17:18 | Crear | Villager (Male) |
| 17:27 | Crear | Villager (Male) |
| 17:29 | Construir | Farm |
| 17:31 | Construir | Farm |
| 17:32 | Construir | Farm |
| 17:34 | Crear | Villager (Male) |
| 17:47 | Crear | Villager (Male) |
| 17:53 | Crear | Villager (Male) |
| 17:55 | Investigar | Gold Mining |
| 18:06 | Construir | Farm |
| 18:19 | Crear | Villager (Male) |
| 18:23 | Construir | Palisade Wall |
| 18:26 | Crear | Villager (Male) |
| 18:29 | Investigar | Town Watch |
| 18:59 | Crear | Villager (Male) |
| 19:14 | Crear | Skirmisher |
| 19:14 | Crear | Skirmisher |
| 19:29 | Investigar | Fletching |
| 19:29 | Investigar | Fletching |
| 19:30 | Crear | Villager (Male) |
| 19:47 | Crear | Villager (Male) |
| 19:49 | Crear | Skirmisher |
| 20:01 | Construir | Farm |
| 20:01 | Construir | Farm |
| 20:01 | Construir | Farm |
| 20:02 | Construir | Farm |
| 20:02 | Construir | Farm |
| 20:25 | Crear | Villager (Male) |
| 20:32 | Crear | Skirmisher |
| 20:36 | Crear | Villager (Male) |
| 20:59 | Crear | Villager (Male) |
| 21:19 | Crear | Villager (Male) |
| 21:31 | Investigar | Horse Collar |
| 21:36 | Construir | Lumber Camp |
Build order — Tiramis31
Primeras 150 de 216 acciones detectadas
| 0:01 | Crear | Villager (Male) ×4 |
| 0:02 | Construir | House |
| 0:04 | Construir | House |
| 1:23 | Crear | Villager (Male) |
| 1:23 | Crear | Villager (Male) |
| 1:46 | Construir | Lumber Camp |
| 1:52 | Crear | Villager (Male) |
| 1:53 | Crear | Villager (Male) |
| 2:14 | Crear | Villager (Male) |
| 2:14 | Crear | Villager (Male) |
| 2:47 | Crear | Villager (Male) |
| 2:47 | Crear | Villager (Male) |
| 3:08 | Crear | Villager (Male) |
| 3:08 | Crear | Villager (Male) |
| 3:29 | Crear | Villager (Male) |
| 3:29 | Crear | Villager (Male) |
| 3:37 | Construir | House |
| 3:38 | Construir | House |
| 4:17 | Crear | Villager (Male) |
| 4:39 | Construir | Mill |
| 4:55 | Crear | Villager (Male) |
| 5:18 | Crear | Villager (Male) |
| 5:37 | Crear | Villager (Male) |
| 6:15 | Crear | Villager (Male) |
| 6:38 | Investigar | Loom |
| 6:42 | Construir | Barracks |
| 7:01 | Investigar | Feudal Age |
| 7:36 | Crear | Militia |
| 7:36 | Crear | Militia |
| 8:06 | Construir | Mining Camp |
| 8:16 | Construir | House |
| 8:40 | Crear | Militia |
| 8:40 | Crear | Militia |
| 8:59 | Crear | Villager (Male) |
| 9:16 | Edad | Edad Feudal |
| 9:18 | Construir | Archery Range |
| 9:19 | Crear | Villager (Male) |
| 9:35 | Investigar | Man-at-Arms (upgrade) |
| 9:44 | Crear | Spearman |
| 9:55 | Crear | Villager (Male) |
| 10:10 | Investigar | Double-Bit Axe |
| 10:23 | Construir | Palisade Wall |
| 10:23 | Construir | Palisade Wall |
| 10:27 | Construir | Palisade Wall |
| 10:28 | Construir | Palisade Wall |
| 10:31 | Construir | Palisade Wall |
| 10:37 | Crear | Villager (Male) |
| 10:45 | Construir | Palisade Gate |
| 10:47 | Construir | Palisade Wall |
| 10:48 | Construir | Palisade Wall |
| 10:53 | Crear | Villager (Male) |
| 10:56 | Crear | Archer |
| 11:01 | Crear | Spearman |
| 11:13 | Construir | House |
| 11:14 | Construir | House |
| 11:22 | Crear | Villager (Male) |
| 11:37 | Crear | Archer |
| 11:41 | Construir | Blacksmith |
| 11:56 | Crear | Villager (Male) |
| 11:57 | Crear | Archer |
| 12:22 | Crear | Villager (Male) |
| 12:27 | Investigar | Fletching |
| 12:39 | Crear | Spearman |
| 12:48 | Crear | Villager (Male) |
| 12:49 | Construir | Farm |
| 12:50 | Construir | Farm |
| 12:52 | Construir | Farm |
| 13:12 | Crear | Villager (Male) |
| 13:14 | Construir | Farm |
| 13:16 | Construir | Farm |
| 13:18 | Construir | Farm |
| 13:19 | Crear | Villager (Male) |
| 13:28 | Crear | Archer |
| 13:39 | Crear | Spearman |
| 13:59 | Construir | Farm |
| 14:00 | Crear | Villager (Male) |
| 14:09 | Crear | Archer |
| 14:14 | Construir | House |
| 14:16 | Construir | House |
| 14:16 | Construir | House |
| 14:38 | Crear | Villager (Male) |
| 14:39 | Crear | Archer |
| 14:42 | Crear | Villager (Male) |
| 15:02 | Crear | Spearman |
| 15:14 | Crear | Archer |
| 15:23 | Crear | Spearman |
| 15:40 | Crear | Spearman |
| 15:43 | Crear | Archer |
| 15:51 | Crear | Villager (Male) |
| 15:51 | Crear | Villager (Male) |
| 15:53 | Construir | Farm |
| 15:55 | Construir | Farm |
| 15:58 | Construir | Farm |
| 15:58 | Construir | Farm |
| 16:00 | Construir | Lumber Camp |
| 16:01 | Crear | Villager (Male) |
| 16:06 | Crear | Archer |
| 16:08 | Crear | Spearman |
| 16:09 | Crear | Spearman |
| 16:15 | Construir | House |
| 16:16 | Construir | House |
| 16:26 | Construir | Palisade Wall |
| 16:38 | Investigar | Gold Mining |
| 17:01 | Crear | Villager (Male) |
| 17:13 | Crear | Archer |
| 17:17 | Construir | Farm |
| 17:20 | Construir | Farm |
| 17:26 | Crear | Villager (Male) |
| 17:43 | Crear | Archer |
| 17:51 | Crear | Villager (Male) |
| 18:05 | Construir | Market |
| 18:11 | Crear | Archer |
| 18:12 | Crear | Skirmisher |
| 18:18 | Crear | Spearman |
| 18:27 | Crear | Villager (Male) |
| 18:36 | Construir | Palisade Wall |
| 18:37 | Construir | Palisade Wall |
| 18:39 | Construir | Palisade Wall |
| 18:49 | Construir | Palisade Wall |
| 18:51 | Crear | Villager (Male) |
| 18:52 | Crear | Spearman |
| 19:02 | Crear | Spearman |
| 19:07 | Crear | Archer |
| 19:17 | Crear | Villager (Male) |
| 19:18 | Crear | Spearman |
| 19:24 | Crear | Spearman |
| 19:31 | Construir | Watch Tower |
| 19:44 | Crear | Villager (Male) |
| 19:44 | Crear | Spearman |
| 20:33 | Crear | Villager (Male) |
| 20:37 | Crear | Archer |
| 20:54 | Crear | Archer |
| 21:10 | Investigar | Castle Age |
| 21:18 | Construir | Stable |
| 21:19 | Construir | Archery Range |
| 21:34 | Crear | Skirmisher |
| 21:36 | Investigar | Padded Archer Armor |
| 21:49 | Crear | Skirmisher |
| 22:01 | Crear | Skirmisher |
| 22:07 | Crear | Archer |
| 22:07 | Crear | Archer |
| 22:09 | Crear | Scout Cavalry |
| 22:10 | Construir | Farm |
| 22:11 | Construir | Farm |
| 22:13 | Construir | Farm |
| 22:18 | Construir | Lumber Camp |
| 22:19 | Construir | Farm |
| 22:20 | Investigar | Horse Collar |
| 22:23 | Crear | Archer |
| 22:27 | Construir | Farm |
Cronología de la partida
| 6:42 | Tiramis31 · first_building Barracks |
| 7:25 | juligrancella · first_building Barracks |
| 8:58 | juligrancella · age_up feudal |
| 9:00 | juligrancella · first_building Stable |
| 9:13 | juligrancella · wall_segment Palisade Wall x1 |
| 9:13 | juligrancella · wall_segment Palisade Wall x1 |
| 9:16 | Tiramis31 · age_up feudal |
| 9:18 | Tiramis31 · first_building Archery Range |
| 9:18 | juligrancella · wall_segment Palisade Wall x1 |
| 9:19 | juligrancella · wall_segment Palisade Wall x1 |
| 9:20 | juligrancella · wall_segment Palisade Wall x1 |
| 9:21 | juligrancella · wall_segment Palisade Wall x1 |
| 9:21 | juligrancella · wall_segment Palisade Wall x1 |
| 9:22 | juligrancella · wall_segment Palisade Wall x1 |
| 10:23 | Tiramis31 · wall_segment Palisade Wall x1 |
| 10:23 | Tiramis31 · wall_segment Palisade Wall x1 |
| 10:27 | Tiramis31 · wall_segment Palisade Wall x1 |
| 10:28 | Tiramis31 · wall_segment Palisade Wall x1 |
| 10:30 | juligrancella · wall_segment Palisade Wall x1 |
| 10:31 | Tiramis31 · wall_segment Palisade Wall x1 |
| 10:35 | juligrancella · wall_segment Palisade Wall x1 |
| 10:47 | Tiramis31 · wall_segment Palisade Wall x8 |
| 10:48 | Tiramis31 · wall_segment Palisade Wall x1 |
| 13:28 | juligrancella · first_building Archery Range |
| 16:26 | Tiramis31 · wall_segment Palisade Wall x1 |
| 18:23 | juligrancella · wall_segment Palisade Wall x1 |
| 18:36 | Tiramis31 · wall_segment Palisade Wall x1 |
| 18:37 | Tiramis31 · wall_segment Palisade Wall x1 |
| 18:39 | Tiramis31 · wall_segment Palisade Wall x1 |
| 18:49 | Tiramis31 · wall_segment Palisade Wall x1 |
| 21:09 | Tiramis31 · first_market_sell 100 wood |
| 21:18 | Tiramis31 · first_building Stable |
| 23:50 | Tiramis31 · age_up castle |
| 24:47 | juligrancella · first_market_buy 100 stone |
| 24:49 | juligrancella · first_market_sell 100 food |
| 24:50 | juligrancella · age_up castle |
| 25:09 | juligrancella · first_building Castle |
| 25:47 | Tiramis31 · first_market_buy 100 stone |
| 27:17 | Tiramis31 · wall_segment Palisade Wall x1 |
| 27:18 | Tiramis31 · wall_segment Palisade Wall x1 |
| 27:20 | Tiramis31 · wall_segment Palisade Wall x1 |
| 27:44 | juligrancella · first_building Siege Workshop |
| 28:22 | Tiramis31 · wall_segment Palisade Wall x1 |
| 29:05 | juligrancella · resign |
[ ANÁLISIS IA · 1 CRÉDITO ]
¿Qué pasó realmente en esta partida?
Wolo.gg analiza cada decisión: build order, eco, micro, errores típicos por bracket. Análisis personalizado por WhatsApp o Discord en 30 segundos.
Guía civ
Indostaníes
Perfil
juligrancella